Map: Odyssey LE

Players

coopa

  • Race: Terran Terran
  • League: Diamond
  • Spawn Location: 11:00

FLORENCIO - Winner!

  • Race: Protoss Protoss
  • League: Diamond
  • Spawn Location: 5:00

VOD

Have the link to the VOD?

Description

Time

  • Played on: Jan. 2, 2018, 2:09 a.m.
  • Length: 19:15
Show
View Real Time Build Order
Export as new Build Order

coopa Terran 

Build Orders:  

Get SALT Encoding   

  12  0:00  SCV  
  13  0:13  SCV  
  14  0:17  Supply Depot  
  14  0:25  SCV  
  15  0:39  SCV  
  15  0:42  Barracks  
  16  0:50  Refinery  
  16  0:52  SCV  
  17  0:59  Refinery  
  17  1:04  SCV  
  18  1:16  SCV  
  19  1:29  Barracks Reactor  
  19  1:30  Orbital Command  
  18  2:05  Marine x2  
  20  2:09  SCV  
  13  2:26  SCV  
  13  2:27  Marine x2  
  12  2:38  SCV  
  13  2:50  SCV  
  14  3:02  SCV  
  15  3:09  Factory  
  15  3:14  Bunker  
  15  3:16  SCV  
  16  3:28  SCV  
  17  3:40  SCV  
  18  3:41  Supply Depot  
  18  3:52  SCV  
  18  3:54  Starport, Factory Tech Lab  
  19  4:04  SCV  
  20  4:27  Barracks Tech Lab  
  20  4:29  SCV  
  21  4:37  Banshee  
  24  4:39  Cloaking Field  
  24  4:41  SCV  
  25  4:54  SCV  
  26  5:00  Ghost Academy  
  26  5:09  SCV  
  27  5:21  SCV, Banshee  
  31  5:46  Supply Depot  
  31  5:50  Nuke  
  31  6:07  SCV, Ghost  
  34  6:33  Medivac  
  34  6:36  SCV  
  37  6:41  Command Center  
  37  6:44  Supply Depot  
  37  6:53  SCV  
  38  7:03  Factory  
  38  7:08  SCV  
  39  7:21  SCV  
  40  7:35  SCV  
  41  7:41  Raven  
  43  7:49  SCV  
  44  8:01  SCV  
  44  8:02  Orbital Command  
  44  8:03  Siege Tank, Factory Tech Lab  
  48  8:12  Nuke  
  48  8:14  SCV  
  49  8:36  SCV  
  49  8:40  Orbital Command  
  50  8:42  Siege Tank  
  50  8:43  Viking  
  50  8:48  SCV  
  50  9:00  SCV  
  51  9:05  Refinery  
  51  9:06  SCV, Refinery  
  52  9:12  SCV  
  52  9:13  Viking  
  52  9:15  Siege Tank  
  60  9:18  SCV, Factory  
  59  9:24  SCV  
  59  9:30  SCV  
  61  9:35  Supply Depot  
  61  9:36  SCV, Armory  
  60  9:38  Supply Depot  
  60  9:39  Supply Depot  
  60  9:42  SCV  
  61  9:48  SCV  
  61  9:50  Infernal Pre-Igniter  
  62  9:57  SCV  
  63  10:00  SCV, Supply Depot x2  
  63  10:02  Supply Depot  
  64  10:09  SCV  
  64  10:12  Barracks Reactor  
  65  10:16  Viking  
  65  10:17  Hellion x2, Factory  
  75  10:21  Hellion x2, SCV  
  65  10:38  Hellion  
  65  10:39  Hellion  
  64  10:42  Hellion  
  64  10:43  Hellion  
  48  11:00  Hellion, Siege Tank  
  48  11:04  Hellion  
  53  11:13  SCV  
  53  11:18  Hellion x4  
  54  11:25  SCV  
  54  11:28  Siege Tank  
  58  11:37  SCV  
  59  11:50  SCV  
  60  11:55  Supply Depot  
  60  11:56  Supply Depot  
  60  11:57  SCV  
  61  12:02  SCV  
  61  12:06  Factory Reactor  
  61  12:09  Hellion  
  61  12:10  Hellion, Siege Tank x2  
  71  12:18  Armory  
  71  12:25  Command Center  
  71  12:26  SCV x2  
  61  12:48  Siege Tank x2  
  61  12:49  Hellion  
  61  12:50  Hellion x2  
  52  13:20  Siege Tank x2  
  52  13:21  Viking  
  60  13:39  Orbital Command  
  60  13:52  Siege Tank  
  63  14:10  Orbital Command  
  63  14:19  Siege Tank  
  63  14:20  Hellion x2  
  63  14:21  Hellion  
  72  14:24  Siege Tank  
  75  14:34  Viking  
  75  14:38  SCV x2  
  79  14:59  SCV x2  
  81  15:00  Siege Tank  
  81  15:03  Raven  
  86  15:10  Starport  
  86  15:22  Engineering Bay  
  86  15:27  Supply Depot x2  
  86  15:33  Terran Vehicle Weapons Level 1  
  86  15:48  Viking, SCV x2, Siege Tank  
  93  15:58  Siege Tank  
  93  15:59  Hellion  
  93  16:00  SCV  
  93  16:02  Missile Turret  
  100  16:15  Orbital Command  
  99  16:20  Siege Tank  
  102  16:35  Refinery x2  
  102  17:07  Armory  
  102  17:09  SCV  
  102  17:11  SCV  
  102  17:13  Viking  
  102  17:42  Hellion x6  
  102  17:47  Supply Depot  
  102  17:48  Missile Turret, Supply Depot  
  102  18:09  Hellion x4, Viking, SCV x2  
  102  18:10  Hellion x2, Viking  
  101  18:21  SCV x2  
  87  18:30  Hellion x2, Siege Tank  
  87  18:31  Hellion x2  
  87  18:34  SCV x2  
  88  18:38  Viking  
  88  18:39  Viking  
Show
View Real Time Build Order
Export as new Build Order

FLORENCIO Protoss - Winner!

Build Orders:  

Get SALT Encoding   

  12  0:00  Probe  
  13  0:13  Probe  
  14  0:21  Pylon  
  14  0:25  Probe  
  15  0:39  Probe  
  16  0:44  Forge  
  16  0:52  Probe (Chrono Boost)  
  17  1:02  Probe (Chrono Boost)  
  18  1:05  Pylon  
  18  1:06  Probe (Chrono Boost)  
  19  1:18  Probe  
  20  1:31  Photon Cannon x2  
  20  1:40  Gateway  
  20  1:50  Pylon  
  20  2:09  Pylon  
  20  2:15  Photon Cannon  
  20  2:36  Probe (Chrono Boost)  
  20  2:39  Assimilator  
  20  2:43  Assimilator  
  20  2:46  Probe (Chrono Boost)  
  20  2:50  Cybernetics Core, Nexus  
  21  2:51  Gateway  
  21  2:57  Pylon  
  21  3:13  Probe (Chrono Boost)  
  22  3:22  Photon Cannon  
  22  3:23  Photon Cannon  
  22  3:25  Probe (Chrono Boost)  
  23  3:30  Probe (Chrono Boost)  
  24  3:39  Probe  
  25  3:43  Robotics Facility  
  27  3:56  Adept  
  27  4:03  Probe (Chrono Boost)  
  27  4:04  Probe (Chrono Boost)  
  29  4:16  Probe (Chrono Boost)  
  30  4:23  Probe (Chrono Boost)  
  31  4:25  Probe (Chrono Boost)  
  31  4:28  Adept  
  34  4:34  Immortal  
  38  4:40  Probe (Chrono Boost), Pylon  
  39  4:47  Assimilator  
  39  4:49  Assimilator, Probe (Chrono Boost)  
  39  4:51  Probe (Chrono Boost)  
  41  4:55  Adept  
  43  5:00  Probe  
  43  5:05  Photon Cannon  
  44  5:10  Gateway  
  44  5:12  Probe  
  45  5:20  Probe  
  46  5:22  Robotics Bay  
  46  5:32  Probe  
  47  5:47  Photon Cannon  
  47  5:49  Pylon  
  47  5:51  Photon Cannon  
  47  5:52  Stalker  
  49  6:00  Stalker  
  51  6:06  Observer  
  52  6:13  Photon Cannon  
  52  6:15  Photon Cannon  
  52  6:18  Photon Cannon  
  49  6:42  Stalker x2  
  53  6:51  Colossus  
  59  6:58  Stargate  
  59  7:00  Probe (Chrono Boost)  
  59  7:01  Pylon  
  61  7:04  Probe (Chrono Boost)  
  62  7:10  Probe (Chrono Boost)  
  62  7:18  Probe (Chrono Boost)  
  62  7:20  Probe (Chrono Boost)  
  62  7:21  Photon Cannon  
  64  7:27  Probe  
  64  7:28  Photon Cannon  
  65  7:33  Stargate  
  65  7:40  Phoenix (Chrono Boost)  
  65  7:44  Stalker  
  69  7:45  Probe  
  70  8:07  Pylon  
  70  8:10  Pylon  
  70  8:14  Phoenix, Probe  
  70  8:15  Observer  
  64  8:26  Probe  
  65  8:38  Probe  
  65  8:39  Phoenix  
  68  8:51  Probe (Chrono Boost)  
  70  8:57  Pylon  
  70  8:59  Colossus, Probe (Chrono Boost)  
  70  9:00  Probe (Chrono Boost)  
  77  9:32  Stalker  
  77  9:34  Pylon  
  78  9:52  Stalker, Colossus  
  86  10:16  Nexus  
  86  10:19  Probe (Chrono Boost)  
  86  10:27  Sentry  
  86  10:29  Stalker  
  86  10:33  Probe  
  79  10:45  Probe  
  68  10:57  Probe  
  68  11:02  Void Ray, Immortal, Stalker x2  
  68  11:04  Void Ray  
  85  11:09  Probe  
  82  11:19  Pylon  
  82  11:31  Probe (Chrono Boost)  
  83  11:39  Probe (Chrono Boost)  
  85  11:40  Disruptor, Probe (Chrono Boost)  
  85  11:46  Probe  
  89  11:50  Void Ray  
  89  11:52  Void Ray  
  97  11:58  Probe  
  98  12:11  Probe (Chrono Boost)  
  98  12:13  Stalker x2  
  98  12:14  Probe (Chrono Boost)  
  104  12:19  Assimilator  
  104  12:22  Probe (Chrono Boost)  
  106  12:23  Assimilator  
  106  12:24  Probe (Chrono Boost)  
  106  12:25  Gateway  
  106  12:28  Gateway, Probe (Chrono Boost)  
  106  12:29  Gateway  
  107  12:31  Pylon  
  107  12:36  Probe  
  86  13:14  Probe  
  87  13:24  Stalker x2  
  87  13:26  Void Ray  
  87  13:27  Void Ray  
  96  13:28  Probe (Chrono Boost)  
  96  13:30  Probe (Chrono Boost)  
  96  13:31  Probe (Chrono Boost)  
  101  13:39  Probe (Chrono Boost)  
  101  13:40  Probe (Chrono Boost)  
  104  13:41  Probe (Chrono Boost)  
  104  13:44  Probe (Chrono Boost)  
  105  13:54  Fleet Beacon  
  105  13:55  Probe (Chrono Boost)  
  107  14:00  Probe (Chrono Boost)  
  107  14:04  Probe (Chrono Boost)  
  108  14:17  Void Ray x2  
  116  14:38  Pylon  
  116  14:40  Pylon  
  116  14:42  Gateway  
  116  14:46  Gateway  
  116  14:47  Gateway, Pylon  
  116  14:49  Pylon  
  116  14:56  Colossus, Adept  
  116  14:58  Adept x2  
  128  15:00  Twilight Council  
  128  15:08  Mothership  
  136  15:37  Nexus  
  136  15:50  Warp Prism  
  136  15:54  Pylon  
  138  15:57  Void Ray x2  
  138  16:02  Stalker  
  148  16:12  Stalker, Adept x3  
  148  16:15  Pylon  
  148  16:17  Pylon  
  156  16:19  Adept, Pylon  
  156  16:21  Pylon  
  156  16:30  Pylon  
  156  16:32  Pylon  
  156  16:33  Adept x2  
  156  16:34  Pylon  
  160  16:40  Nexus  
  160  16:43  Pylon  
  160  16:44  Warp Gate  
  160  16:50  Dark Shrine  
  146  17:22  Stalker x6  
  154  17:52  Stalker x3  
Tags
 
Add a new tag
Caveats
  • Supply blocks, unpowered buildings, or Contaminate may cause inaccurate times.
  • Supply counts are checked every 10 seconds.